 Dungeon Crawl Stone Soup version 0.20.1-1-g8b1a95d (webtiles) character file.

1491 acidapple the Cudgeler (level 8, -5/87 HPs)
             Began as an Ogre Gladiator on Sept 12, 2017.
             Was a Follower of Ru.
             Killed from afar by an electric eel (9 damage)
             ... with a bolt of electricity
             ... on level 7 of the Dungeon.
             The game lasted 00:12:29 (5465 turns).

acidapple the Cudgeler (Ogre Gladiator)             Turns: 5465, Time: 00:12:31

Health: -5/87      AC:  5    Str: 21    XL:     8   Next: 80%
Magic:  8/8        EV: 10    Int:  9    God:    Ru [*.....]
Gold:   290        SH:  0    Dex: 12    Spells: 7/7 levels left

rFire    x . .     SeeInvis .   F - +0 giant club
rCold    + . .     Gourm    .   (shield currently unavailable)
rNeg     + . .     Faith    .   b - +0 robe
rPois    .         Spirit   .   c - +1 hat
rElec    .         Reflect  .   C - +0 cloak
rCorr    .         Harm     .   (gloves unavailable)
MR       +....                  (boots unavailable)
Stlth    +.........             (no amulet)
Regen    0.3/turn               v - ring of Summer {Ice rN+ Dex+2 Slay+5}
MPRegen  0.2/turn               n - ring of protection from magic

@: no status effects
A: unfitting armour, tough skin 1, inability to train armour
a: Renounce Religion


You were on level 7 of the Dungeon.
You worshipped Ru.
Ru was aware of your devotion.
You were not hungry.

You visited 1 branch of the dungeon, and saw 7 of its levels.

You collected 290 gold pieces.

Inventory:

Hand Weapons
 a - a +1 flail
 F - a +0 giant club (weapon)
Missiles
 d - a throwing net
 k - 186 stones
 u - 7 javelins (quivered)
Armour
 b - a +0 robe (worn)
 c - a +1 hat (worn)
 C - a +0 cloak (worn)
Jewellery
 n - a ring of protection from magic (right hand)
 v - the ring of Summer (left hand) {Ice rN+ Dex+2 Slay+5}
   (You found it on level 5 of the Dungeon)

   [ring of ice]

   It enhances your ice magic.
   It affects your dexterity (+2).
   It affects your accuracy and damage with ranged weapons and melee attacks
   (+5).
   It makes you vulnerable to fire.
   It protects you from cold.
   It protects you from negative energy.
Wands
 s - a wand of scattershot (6/9)
 y - a wand of flame (1/48)
 E - a wand of random effects (17/48)
Scrolls
 e - 3 scrolls of teleportation
 h - a scroll of random uselessness
 i - 2 scrolls of remove curse
 t - a scroll of blinking
 x - a scroll of enchant armour
 z - a scroll of magic mapping
 B - 2 scrolls of identify
Potions
 g - 4 potions of heal wounds
 j - 2 potions of haste {unknown}
 l - a potion of degeneration {unknown}
 m - a potion of flight {unknown}
 o - a potion of magic {unknown}
 p - a potion of curing {unknown}
 r - 2 potions of lignification {unknown}
 D - a potion of mutation {unknown}
Books
 A - a book of Cantrips

   Spells                             Type                      Level
   a - Confusing Touch                Hexes                        1
   b - Animate Skeleton               Necromancy                   1
   c - Summon Small Mammal            Summoning                    1
   d - Apportation                    Translocation                1
Comestibles
 f - 3 bread rations
 q - 2 fruits
 w - 3 meat rations


   Skills:
 + Level 7.4 Fighting
 * Level 7.5 Maces & Flails
 + Level 5.4 Throwing
 - Level 2.6 Dodging


You had 7 spell levels left.
You didn't know any spells.

Dungeon Overview and Level Annotations

Branches:
Dungeon (7/15)
 Temple: D:4-7

Altars:
Fedhas
Makhleb
Nemelex Xobeh
Ru
Trog
Uskayaw
Vehumet
Xom
Zin

Shops:
D:7 :

Annotations:
D:4 Monsterracer's ghost, novice OgWz


Innate Abilities, Weirdness & Mutations

You are too large for most types of armour.
You have tough skin. (AC +1)
You cannot train Armour skill.


Message History

The bolt of electricity hits the electric eel.
The electric eel completely resists.
Quiver which item? (- for none, * to show all) (? for menu, Esc to quit)
Quivering
u - 8 javelins for throwing.
Throwing (i - inventory. (,) - cycle):
u - 8 javelins (quivered)
Press: ? - help, Shift-Dir - straight line, f/p - electric eel
Aim: an electric eel (severely wounded)
You throw a javelin.
The javelin barely misses the electric eel.
You hear a splash.
The electric eel shoots out a bolt of lightning at you!
The bolt of electricity hits you!
* * * LOW HITPOINT WARNING * * *
The bolt of electricity hits you!
* * * LOW HITPOINT WARNING * * *
The bolt of electricity hits the electric eel.
The electric eel completely resists.
The electric eel shoots out a bolt of lightning at you!
The bolt of electricity hits you!
You die...

.......
#......P♣P≈≈≈PP
.......
#.....PPPP≈PP≈≈≈
.......
#....≈♣≈≈≈≈≈≈≈≈≈
......
#.##.≈♣≈♣≈≈P≈≈≈≈
###.##
#.##.♣♣≈≈≈≈≈P≈≈≈ #.#
#.##..♣≈≈≈♣≈P;≈≈ #.#
#.##.##P♣≈≈P≈≈≈≈
###.## #.##.# #;♣
88888####.######@#♣♣
8###8..............♣
.'∩'.)##############
8###8## 88888#
######


You could see an electric eel.

Vanquished Creatures
  2 sky beasts (D:6)
  A phantom (D:3)
  2 black bears (D:6)
  2 ogres (D:6)
  A centaur (D:7)
  A wyvern skeleton (D:6)
  A scorpion (D:5)
  2 howler monkeys
  5 crimson imps
  A hound (D:7)
  An orc priest (D:6)
  2 orc wizards
  An iguana (D:5)
  5 worker ants
  A hound skeleton (D:6)
  4 adders
  2 oozes (D:2)
  An adder skeleton (D:4)
  An adder zombie (D:5)
  2 dart slugs
  4 leopard geckos
  9 orcs
  2 ball pythons
  9 bats
  8 giant cockroaches
  8 goblins
  A hobgoblin (D:2)
  A jackal (D:3)
  3 frilled lizards
  A jackal skeleton (D:6)
  7 kobolds
  6 rats
97 creatures vanquished.

Vanquished Creatures (others)
  An iguana (D:5)
  3 plants (D:6)
4 creatures vanquished.

Grand Total: 101 creatures vanquished

Notes
Turn   | Place    | Note
-------+----------+-------------------------------------------
     0 | D:1      | acidapple the Ogre Gladiator began the quest for the Orb.
     0 | D:1      | Reached XP level 1. HP: 22/22 MP: 1/1
   575 | D:1      | Reached XP level 2. HP: 30/31 MP: 2/2
   855 | D:2      | Reached XP level 3. HP: 35/37 MP: 3/3
  1068 | D:2      | Found a sparkling altar of Nemelex Xobeh.
  1493 | D:2      | Reached XP level 4. HP: 48/48 MP: 4/4
  1539 | D:2      | Found a sacrificial altar of Ru.
  1547 | D:2      | Became a worshipper of Ru the Awakened
  1852 | D:2      | Found a hide-covered altar of Uskayaw.
  2272 | D:3      | Found a glowing silver altar of Zin.
  2273 | D:3      | Noticed an angel
  2371 | D:3      | Reached XP level 5. HP: 53/54 MP: 5/5
  2445 | D:4      | Noticed Monsterracer's ghost (novice OgWz)
  2450 | D:4      | Noticed a slave
  2472 | D:4      | Noticed a phantom
  2754 | D:3      | Killed a phantom
  2754 | D:3      | Reached skill level 5 in Fighting
  2754 | D:3      | Reached XP level 6. HP: 19/66 MP: 6/6
  3286 | D:5      | Entered Level 5 of the Dungeon
  3437 | D:5      | Reached skill level 5 in Maces & Flails
  3454 | D:5      | Got a shimmering bone ring
  3461 | D:5      | Identified the ring of Summer {Ice rN+ Dex+2 Slay+5} (You found it on level 5 of the Dungeon)
  3559 | D:5      | Reached XP level 7. HP: 69/72 MP: 7/7
  3562 | D:5      | Gained mutation: You cannot train Armour skill. [Ru sacrifice]
  3562 | D:5      | Reached * piety under Ru
  3692 | D:5      | Found a shimmering altar of Xom.
  3697 | D:5      | Found a shimmering altar of Xom.
  3698 | D:5      | Found a shimmering altar of Xom.
  3723 | D:5      | Found a shimmering altar of Xom.
  3723 | D:5      | Found a shimmering altar of Xom.
  3723 | D:5      | Found a shimmering altar of Xom.
  3901 | D:5      | Found a sparkling altar of Nemelex Xobeh.
  4090 | D:5      | Found a burning altar of Makhleb.
  4092 | D:5      | Found a radiant altar of Vehumet.
  4326 | D:6      | Reached XP level 8. HP: 56/84 MP: 8/8
  4859 | D:6      | Found a bloodstained altar of Trog.
  4869 | D:6      | Reached skill level 5 in Throwing
  4938 | D:6      | Found a blossoming altar of Fedhas.
  5416 | D:7      | Found Xelecer's Book Emporium.
  5465 | D:7      | HP: 4/87 [electric eel/bolt of electricity (7)]
  5465 | D:7      | Killed from afar by an electric eel

Skill      XL: |  1  2  3  4  5  6  7  8 |
---------------+-------------------------+-----
Fighting       | 3 4 5 6 7 |  7.4
Maces & Flails | 3 4 5 6 7 |  7.5
Throwing       | 3 4 5 |  5.4
Dodging        | |  2.6

Action                   |  1- 3 |  4- 6 |  7- 9 || total
-------------------------+-------+-------+-------++-------
Melee: Flail             |    82 |   165 |    51 ||   298
       Giant club        |       |       |     9 ||     9
Throw: Throwing net      |     1 |     2 |       ||     3
       Stone             |    18 |    79 |    64 ||   161
       Javelin           |       |       |    14 ||    14
Invok: Sacrifice Durabil |       |       |     1 ||     1
  Use: Scroll            |       |    10 |     1 ||    11
 Stab: Sleeping          |     1 |       |       ||     1
  Eat: Chunk             |     2 |     3 |     2 ||     7
       Bread ration      |       |     1 |     1 ||     2
       Fruit             |       |       |     2 ||     2
Armor: Robe              |    30 |    63 |    10 ||   103
Dodge: Dodged            |    56 |    86 |    21 ||   163
